 Dungeon Crawl Stone Soup version 0.28-a0-1613-gdaab1c2f9b (webtiles) character file.

Game seed: 3322627745692660692

880 Pin the Skirmisher (level 8, 0/71 HPs)
             Began as a Hill Orc Fighter on Jan 21, 2022.
             Slain by a quasit (1 damage)
             ... summoned by Eustachio
             ... on level 5 of the Dungeon.
             The game lasted 00:06:12 (5803 turns).

Pin the Skirmisher (Hill Orc Fighter)               Turns: 5803, Time: 00:06:12

Health: 0/71       AC:  0    Str: 21      XL:     8   Next: 5%
Magic:  8/8        EV: 17    Int:  7 (8)  God:
Gold:   243        SH:  0    Dex: 13 (15) Spells: 7/7 levels left

rFire   . . .      SeeInvis .   (weapon currently unavailable)
rCold   . . .      Faith    .   (shield currently unavailable)
rNeg    . . .      Spirit   .   (armour currently unavailable)
rPois   .          Reflect  .   (helmet currently unavailable)
rElec   .          Harm     .   (cloak currently unavailable)
rCorr   .          Rampage  .   (gloves currently unavailable)
Will    .....                   (boots currently unavailable)
Stlth   +.........              (no amulet)
HPRegen 0.21/turn               (ring currently unavailable)
MPRegen 0.11/turn               (ring currently unavailable)

@: bat-form, flying, very quick
A: fast, flying, no casting, tiny
a: no special abilities


You were on level 5 of the Dungeon.
You were a bat.
You visited 1 branch of the dungeon, and saw 5 of its levels.

You collected 243 gold pieces.

Inventory:

Hand Weapons
 a - a +0 war axe (melded)
Armour
 c - a +0 buckler (melded)
 i - a +0 chain mail (melded)
 p - a +1 cloak (melded)
Jewellery
 g - a +6 ring of dexterity (melded)
 j - an amulet of magic regeneration
 m - a ring of willpower
Wands
 h - a wand of acid (4)
Scrolls
 b - 2 scrolls of enchant armour {unknown}
 e - 9 scrolls of identify {unknown}
 l - a scroll of magic mapping {unknown}
 q - 2 scrolls of enchant weapon {unknown}
 r - a scroll of teleportation {unknown}
 s - a scroll of fear {unknown}
 u - a scroll of torment {unknown}
Potions
 d - 4 potions of might
 f - a potion of degeneration {unknown}
 k - a potion of mutation {unknown}
 n - a potion of lignification {unknown}
 o - 4 potions of curing {unknown}
 t - a potion of flight {unknown}
 v - a potion of magic {unknown}


   Skills:
 + Level 6.4 Fighting
 + Level 6.3 Axes
 + Level 5.7 Armour
 + Level 5.9 Shields


You had 7 spell levels left.
You didn't know any spells.
Your spell library contained the following spells:

 Spells                   Type           Power      Damage    Failure   Level
 Sandblast                Erth           0%         2d4       43%         1
 Passwall                 Tmut/Erth      0%         N/A       56%         2
 Call Canine Familiar     Summ           0%         N/A       80%         3
 Gell's Gravitas          Tloc           0%         N/A       80%         3
 Lesser Beckoning         Tloc           0%         N/A       80%         3
 Portal Projectile        Hex/Tloc       0%         N/A       80%         3
 Stone Arrow              Conj/Erth      0%         3d7       80%         3
 Teleport Other           Tloc           0%         N/A       80%         3
 Leda's Liquefaction      Hex/Erth       0%         N/A       99%         4


Dungeon Overview and Level Annotations

Branches:
Dungeon (5/15)
 Temple: D:4-7

Altars:
Sif Muna

Annotations:
D:5 Eustachio


Message History

The river rat bites you but does no damage.
Eustachio mumbles some strange words.
Eustachio blinks!
You slash the bat!
You kill the bat!
The bat's corpse disappears in a puff of smoke!
You hit the river rat. You block the river rat's attack.
Eustachio zaps a wand.
You turn into a bat.
Your +0 war axe melds into your body.
Your +1 cloak melds into your body.
Your +0 buckler melds into your body.
Your +0 chain mail melds into your body.
Your +6 ring of dexterity melds into your body.
You feel clumsy.
Eustachio casts a spell.
You hit the crimson imp.
The crimson imp is lightly wounded.
The crimson imp blinks!
You hit Eustachio.
Eustachio is heavily wounded.
Eustachio casts a spell.
Eustachio blinks!
The crimson imp grins evilly.
The quasit completely misses you. x3; The river rat bites you.
* * * LOW HITPOINT WARNING * * *
Eustachio gestures wildly while chanting.
Eustachio blinks!
The crimson imp closely misses you. The quasit bites you.
* * * LOW HITPOINT WARNING * * *
You feel clumsy. The quasit completely misses you. The quasit claws you.
* * * LOW HITPOINT WARNING * * *
You barely miss the crimson imp.
The crimson imp blinks!
The quasit barely misses you. The quasit completely misses you.
The quasit claws you.
* * * LOW HITPOINT WARNING * * *
You feel clumsy.
The crimson imp blinks!
The quasit misses you. The quasit claws you.
* * * LOW HITPOINT WARNING * * *
The quasit claws you.
You die...

.......... #..# .........#
##.# ......@.# #.#
.......# #.# ......# #.#
.#..### #.## ......######
#..# ###....)...######@#
#######.5...r5b.# ##
#####..5ยง.##############.
#####..##............
##..........#####
##.......<.##
##.###......## #..#
###.....# ###### #.##
####### #....## ##.#


You could see Eustachio, a quasit (summoned), 2 crimson imps and a river rat
(summoned).

Vanquished Creatures
  An ogre (D:5)
  A phantom (D:4)
  4 scorpions
  A howler monkey (D:5)
  A centaur skeleton (D:5)
  2 hounds (D:5)
  Crazy Yiuf (D:3)
  2 iguanas
  A killer bee zombie (D:5)
  2 hound skeletons
  A howler monkey skeleton (D:3)
  4 gnolls (D:4)
  6 adders
  A river rat (D:3)
  A worm (D:2)
  An adder skeleton (D:4)
  3 dart slugs
  10 orcs
  4 bats
  9 endoplasms
  6 giant cockroaches
  A goblin (D:4)
  10 hobgoblins
  9 jackals
  4 quokkas
  11 ball pythons
  5 frilled lizards
  11 kobolds
  8 rats
121 creatures vanquished.

Notes
Turn   | Place    | Note
-------+----------+-------------------------------------------
     0 | D:1      | Pin the Hill Orc Fighter began the quest for the Orb.
     0 | D:1      | Reached XP level 1. HP: 19/19 MP: 1/1
    36 | D:1      | Reached XP level 2. HP: 15/27 MP: 2/2
   256 | D:1      | Found a faded altar of an unknown god.
   271 | D:1      | Prayed at the altar of an unknown god.
   271 | D:1      | Became a worshipper of Sif Muna the Loreminder
   271 | D:1      | Reached * piety under Sif Muna
   272 | D:1      | Fell from the grace of Sif Muna
   470 | D:1      | Reached XP level 3. HP: 32/33 MP: 3/3
  1638 | D:2      | Reached XP level 4. HP: 40/40 MP: 4/4
  2553 | D:3      | Reached XP level 5. HP: 47/47 MP: 5/5
  2807 | D:3      | Found a runed translucent door.
  2808 | D:3      | Noticed Crazy Yiuf
  2820 | D:3      | Killed Crazy Yiuf
  3814 | D:4      | Reached skill level 5 in Fighting
  3814 | D:4      | Reached XP level 6. HP: 45/56 MP: 6/6
  4428 | D:4      | Reached skill level 5 in Axes
  4428 | D:4      | Reached skill level 5 in Shields
  4740 | D:4      | Reached XP level 7. HP: 58/61 MP: 7/7
  4935 | D:5      | Entered Level 5 of the Dungeon
  4951 | D:5      | Reached skill level 5 in Armour
  5758 | D:5      | Noticed Eustachio
  5781 | D:5      | Reached XP level 8. HP: 36/71 MP: 8/8
  5801 | D:5      | HP: 2/71 [quasit[Eustachio] (2)]
  5803 | D:5      | Slain by a quasit

Illustrated notes

Levels and vault maps discovered:
D:1:      onia_arrival_handbag, layout_rooms,
          shapermc_ecumenical_altar_totnotflames, grunt_decor_mini_mirrors,
          st_stairs_5, minivault_25
D:2:      minmay_evil_eye, layout_loops_corners
D:3:      layout_rooms, portal_sewer_entry_e, ebering_dispersal_statue_hall,
          kennysheep_cross_room, hangedman_decor_peaks_small,
          uniq_crazy_yiuf_cottage
D:4:      layout_loops_ring
D:5:      layout_cave_pods, uniq_eustachio

Skill      XL: |  1  2  3  4  5  6  7 |
---------------+----------------------+-----
Axes           | 3 4 5 6 |  6.3
Fighting       | 4 5 6 |  6.4
Shields        | 4 5 |  5.9
Armour         | 4 5 |  5.7

Action                   |  1- 3 |  4- 6 |  7- 9 || total
-------------------------+-------+-------+-------++-------
Melee: War axe           |   101 |   185 |    74 ||   360
       Unarmed           |       |       |     3 ||     3
Invok: Renounce Religion |     1 |       |       ||     1
Armor: Scale mail        |    40 |     3 |       ||    43
       Chain mail        |       |    97 |   101 ||   198
Dodge: Dodged            |    55 |    74 |    58 ||   187
Block: Buckler           |    31 |    51 |    39 ||   121

Table legend: (Time is in decaauts)
 A = Elapsed time spent in this place.
 B = Non-inter-level travel time spent in this place.
 C = Inter-level travel time spent in this place.
 D = Time resting spent in this place.
 E = Time spent auto-exploring this place.
 F = Levels seen in this place.
 G = Mean time per level.
                   A        B        C        D        E       F      G
               +--------+--------+--------+--------+--------+-----+--------+
         Total |   5910 |   5752 |    158 |   1169 |   3713 |   5 | 1182.0 |
       Dungeon |   5910 |   5752 |    158 |   1169 |   3713 |   5 | 1182.0 |
               +--------+--------+--------+--------+--------+-----+--------+

Top non-repeatable levels by time:
     D:3: 1583 daAuts
     D:2: 1286 daAuts
     D:4: 1161 daAuts
     D:1: 994 daAuts
     D:5: 884 daAuts
